 Dungeon Crawl Stone Soup version 0.31-a0-128-g25add195a6 (webtiles) character file.

Game seed: 1806652765176799824

70212 Armakuni the Carver (level 15, -1/105 HPs)
             Began as a Human Brigand on May 28, 2023.
             Was an Initiate of Ru.
             Succumbed to a naga ritualist's toxic radiance
             ... on level 2 of the Lair of Beasts on June 2, 2023.
             The game lasted 01:44:37 (25101 turns).

Armakuni the Carver (Human Brigand)                Turns: 25101, Time: 01:44:37

Health: -1/105     AC: 38    Str: 23    XL:     15   Next: 77%
Magic:  24/24      EV: 10    Int: 15    God:    Ru [......]
Gold:   422        SH:  5    Dex: 15    Spells: 14/14 levels left

rFire   + + +        b - +4 mace of Qoled {protect, Str+6}
rCold   + + .        S - +0 buckler "Avvousaf" {Will++ Dex-3}
rNeg    + . .        o - +8 storm dragon scales "Waof" {rElec rC++ Int+2}
rPois   +            i - +1 hat {Will+}
rElec   +            J - +0 cloak {rPois}
rCorr   +            r - +1 pair of gloves "Qoga" {rElec Dex+3}
SInv    .            m - +2 pair of boots of Sif Muna's Regard {Slay+3}
Will    ++++.        K - amulet of the acrobat Stlth
                     u - +4 ring of protection
HPRegen 0.37/turn    F - ring "Tadorice" {Contam rF+++ rN+ rCorr MP+9}
MPRegen 0.19/turn

%: acrobat
@: mighty, lethally poisoned (-1 -> -14), under a protective aura
A: no striking features
a: Renounce Religion, Sacrifice Nimbleness, Sacrifice Arcana, Sacrifice
Resistance, Reject Sacrifices


You were on level 2 of the Lair of Beasts.
You worshipped Ru.
Ru was noncommittal.
You visited 6 branches of the dungeon, and saw 23 of its levels.
You also visited: Gauntlet.

You collected 2303 gold pieces.
You spent 1881 gold pieces at shops.

Inventory:

Hand Weapons
 a - a +6 dagger of freezing
 b - the +4 mace of Qoled (weapon) {protect, Str+6}
   (You bought it in a shop on level 2 of the Orcish Mines)

   Str:       It affects your strength (+6).
 c - a +1 broad axe of electrocution
 f - a +1 scimitar of flaming
 n - a -1 demon whip of venom
Missiles
 d - 19 poisoned darts (quivered)
 k - 4 boomerangs
 l - 2 javelins
 E - 2 curare-tipped darts
 O - 2 datura-tipped darts
 R - 3 atropa-tipped darts
Armour
 i - a +1 hat of willpower (worn)
 m - the +2 pair of boots of Sif Muna's Regard (worn) {Slay+3}
   (You found it on level 6 of the Dungeon)

   Slay:      It affects your accuracy & damage with ranged weapons and melee
   (+3).
 o - the +8 storm dragon scales "Waof" (worn) {rElec rC++ Int+2}
   (You acquired it on level 8 of the Dungeon)

   Int:       It affects your intelligence (+2).
   rC:        It greatly protects you from cold.
   rElec:     It insulates you from electricity.
 r - the +1 pair of gloves "Qoga" (worn) {rElec Dex+3}
   (You found it in a Gauntlet)

   Dex:       It affects your dexterity (+3).
   rElec:     It insulates you from electricity.
 J - a +0 cloak of poison resistance (worn)
 S - the +0 buckler "Avvousaf" (worn) {Will++ Dex-3}
   (You bought it in a shop on level 2 of the Orcish Mines)

   Dex:       It affects your dexterity (-3).
   Will:      It greatly increases your willpower.
Jewellery
 u - a +4 ring of protection (left hand)
 A - a +4 ring of protection
 F - the ring "Tadorice" (right hand) {Contam rF+++ rN+ rCorr MP+9}
   (You bought it in a shop on level 2 of the Orcish Mines)

   [ring of magical power]

   rF:        It renders you almost immune to fire.
   rN:        It protects you from negative energy.
   MP:        It affects your magic capacity (+9).
   Contam:    It causes magical contamination when unequipped.
   rCorr:     It protects you from acid and corrosion.
 G - a ring of protection from cold
 H - a ring of protection from fire
 I - a ring of see invisible
 K - an amulet of the acrobat (around neck)
 N - a ring of willpower
Wands
 v - a wand of flame (23)
 C - a wand of digging (1)
Scrolls
 q - 2 scrolls of fear
 s - 9 scrolls of identify
 t - a scroll of silence
 w - a scroll of noise
 y - a scroll of teleportation
 D - 4 scrolls of fog
 P - a scroll of summoning
 Q - a scroll of blinking
 T - a scroll of magic mapping
Potions
 e - a potion of heal wounds
 g - a potion of brilliance
 h - 3 potions of ambrosia
 j - 4 potions of enlightenment
 x - 2 potions of resistance
 z - 6 potions of curing
 B - 3 potions of mutation
 M - a potion of lignification
Miscellaneous
 L - a lightning rod (1/4)
 V - a phantom mirror (inert)
 W - a tin of tremorstones (inert)


   Skills:
 - Level 6.0 Fighting
 - Level 2.0(8.7) Short Blades
 - Level 13.1(13.2) Long Blades
 - Level 12.0 Maces & Flails
 - Level 5.0 Throwing
 - Level 5.0 Armour
 - Level 5.0 Dodging
 - Level 4.0 Stealth
 - Level 4.0 Shields
 + Level 9.7 Necromancy
 + Level 9.6 Transmutations
 + Level 9.6 Ice Magic
 - Level 5.0 Evocations


You had 14 spell levels left.
You didn't know any spells.
Your spell library contained the following spells:

 Spells                   Type           Power      Damage    Failure   Level
 Ensorcelled Hibernation  Hex/Ice        28%        N/A       45%         2
 Passwall                 Tmut/Erth      11%        N/A       45%         2
 Cigotuvi's Dreadful Rot  Necr/Pois/Air  18%        N/A       69%         2
 Blade Hands              Tmut           14%        N/A       77%         5
 Ignite Poison            Fire/Tmut/Pois 9%         N/A       89%         3
 Magic Dart               Conj           0%         1d3       94%         1
 Shock                    Conj/Air       0%         1d3       94%         1
 Call Imp                 Summ           0%         N/A       98%         2
 Lesser Beckoning         Tloc           0%         N/A       98%         2
 Gell's Gravitas          Tloc           0%         N/A       100%        3
 Mephitic Cloud           Conj/Pois/Air  0%         N/A       100%        3
 Swiftness                Air            0%         N/A       100%        3
 Teleport Other           Tloc           0%         N/A       100%        3
 Airstrike                Air            0%         2d(0-16)  100%        4
 Freezing Cloud           Conj/Ice/Air   4%         6-21      100%        5
 Irradiate                Conj/Tmut      7%         3d14      100%        5
 Dragon Form              Tmut           14%        N/A       100%        7


Dungeon Overview and Level Annotations

Branches:
Dungeon (15/15)            Temple (1/1) D:7            Lair (3/5) D:9
 Shoals (0/4) Lair:2        Snake (1/4) Lair:2          Orc (2/2) D:9
    Elf (1/3) Orc:2        Vaults (0/5) D:13         Depths (0/4) D:15
Gauntlet (visited)

Altars:
Ashenzari
Cheibriados
Dithmenos
Elyvilon
Fedhas
Gozag
Hepliaklqana
Kikubaaqudgha
Makhleb
Nemelex Xobeh
Okawaru
Qazlal
Ru
Sif Muna
Trog
Uskayaw
Vehumet
Wu Jian
Xom
Yredelemnul
Zin
The Shining One
Jiyva

Shops:
D:5 :   Orc:2 **[[*=[

Portals:
Trove: D:13 (show slimy rune of Zot)

Annotations:
D:8 Gastronok
D:14 3 runed translucent doors, KimchiStew's ghost, journeyman HOBr


Message History

The black mamba bites you but does no damage. x2
The black mamba bites you.
* * * LOW HITPOINT WARNING * * *
The black mamba bites you but does no damage.
You closely miss the black mamba.
The black mamba is heavily wounded.
You feel sick. The black mamba bites you!
* * * LOW HITPOINT WARNING * * *
You are more poisoned.
The black mamba poisons you! You block the black mamba's attack.
You thump the black mamba!
The black mamba is almost dead.
You feel very sick.
The black mamba bites you but does no damage.
The black mamba bites you!
* * * LOW HITPOINT WARNING * * *
The naga ritualist prays to its god.
The naga ritualist begins to radiate toxic energy.
* * * LOW HITPOINT WARNING * * *
You are more poisoned.
The black mamba barely misses you.
The black mamba bites you but does no damage.
You barely miss the black mamba.
The black mamba is almost dead.
* * * LOW HITPOINT WARNING * * *
You feel very sick.
* * * LOW HITPOINT WARNING * * *
The black mamba bites you but does no damage.
The black mamba barely misses you.
You barely miss the black mamba.
The black mamba is almost dead.
* * * LOW HITPOINT WARNING * * *
You feel very sick.
You are more poisoned.
The black mamba bites you but does no damage.
The black mamba barely misses you.
The black mamba bites you but does no damage.
The black mamba completely misses you. The naga ritualist closely misses you.
You sock the black mamba!
You kill the black mamba!
You die...

##..#...^##.#
#P..###
###......####
######### #......###
###.....### ##.....#
####.........#####
...###.#
#.#...#...#...##.#
...# ###
##...N.#N>.#.....###
#..#
#.N#...#...#...#.).)
#..#
##S##.........##.#.#
...#
#.@###.....######.#
#..# #P..########
#... ...###
##.......## ##..
...#.# ####.....#
#.. ....## #......##
##.. ..#..##
#)......# #...
.[P.#.### ###....##
#... #....##.###
##P..# ##..
..........# #...#
##.#


You could see a naga ritualist (toxic aura) and a black mamba.

Vanquished Creatures
  Frances (D:12)
  A stone giant (D:15)
  A minotaur (Gauntlet)
  A spark wasp (D:13)
  Snorg (Lair:3)
  Josephine (D:11)
  A fire dragon (D:14)
  Harold (D:11)
  A hydra (D:15)
  5 centaur warriors
  3 boulder beetles (D:13)
  Erica (D:8)
  A catoblepas (Lair:1)
  2 two-headed ogres
  6 death yaks
  A death scarab (Gauntlet)
  2 tengu warriors (D:15)
  4 orc high priests
  Amaemon (D:8)
  Lodul (D:13)
  3 skeletal warriors
  A skyshark (Lair:2)
  A spectral hydra (Gauntlet)
  A phantasmal warrior (D:13)
  2 mana vipers (Lair:2)
  2 deep elf pyromancers (D:15)
  6 orc sorcerers
  7 ugly things
  4 orc knights (Orc:2)
  3 manticores
  4 cyclopes
  7 elephants (Lair:3)
  9 slime creatures
  Maurice (D:11)
  A water nymph (D:13)
  Joseph (Lair:1)
  2 black mambas
  A merfolk siren (Lair:2)
  A guardian serpent (shapeshifter) (D:13)
  5 gargoyles
  4 cane toads
  Maggie (D:8)
  An orange demon (D:8)
  Psyche (D:9)
  2 rime drakes
  4 komodo dragons
  7 trolls
  9 blink frogs
  A spectral dream sheep (Gauntlet)
  Prince Ribbit (D:6)
  A hornet (D:8)
  A centaur simulacrum (D:15)
  4 vampires
  3 wraiths (D:11)
  3 shadows
  2 wyverns (Lair:2)
  40 yaks
  7 vampire mosquitoes (D:14)
  3 basilisks
  3 steam dragons
  5 nagas (Lair:2)
  2 acid dragons
  10 water moccasins
  4 wargs
  12 orc warriors
  3 ice beasts
  2 sky beasts
  A black bear (D:7)
  20 centaurs
  A boggart (D:12)
  11 ogres
  8 wolves
  2 phantoms
  9 bullfrogs
  A kobold brigand (D:9)
  5 gnoll sergeants
  2 scorpions
  7 wights
  8 howler monkeys
  2 hounds
  12 orc priests
  6 jellies
  A gnoll bouda (D:9)
  4 iguanas
  18 orc wizards
  2 sleepcaps
  31 gnolls
  9 adders
  A white imp (D:6)
  A dart slug (D:3)
  45 orcs
  7 endoplasms
  3 giant cockroaches
  9 goblins
  8 hobgoblins
  5 jackals
  8 quokkas
  5 ball pythons
  8 bats
  3 frilled lizards
  6 kobolds
  5 rats
508 creatures vanquished.

Vanquished Creatures (collateral kills)
  A yak (D:10)
1 creature vanquished.

Vanquished Creatures (others)
  A two-headed ogre (D:10)
  A human (D:3)
2 creatures vanquished.

Grand Total: 511 creatures vanquished

Notes
Turn   | Place    | Note
-------+----------+-------------------------------------------
     0 | D:1      | Armakuni the Human Brigand began the quest for the Orb.
     0 | D:1      | Reached XP level 1. HP: 16/16 MP: 1/1
    30 | D:1      | Reached skill level 1 in Long Blades
    30 | D:1      | Reached XP level 2. HP: 22/22 MP: 2/2
    92 | D:1      | Reached skill level 2 in Long Blades
   233 | D:1      | Reached XP level 3. HP: 27/27 MP: 3/3
   552 | D:1      | Reached skill level 3 in Long Blades
  1121 | D:2      | Reached XP level 4. HP: 33/33 MP: 4/4
  1188 | D:2      | Found a white marble altar of Elyvilon.
  1268 | D:2      | Found a faded altar of an unknown god.
  1677 | D:3      | Found an ancient bone altar of Kikubaaqudgha.
  1689 | D:3      | Noticed a human
  1691 | D:3      | Killed a human
  1800 | D:3      | You fall into a shaft and drop 2 floors!
  1800 | D:5      | Entered Level 5 of the Dungeon
  1851 | D:5      | Reached XP level 5. HP: 19/38 MP: 5/5
  2089 | D:5      | Found Seuhohix's Book Boutique.
  2102 | D:5      | Noticed an ice beast
  2146 | D:3      | Reached skill level 4 in Long Blades
  2552 | D:4      | Reached XP level 6. HP: 17/44 MP: 6/6
  2673 | D:4      | Found a shimmering altar of Xom.
  3083 | D:4      | Reached skill level 5 in Long Blades
  3088 | D:4      | Reached XP level 7. HP: 7/50 MP: 7/7
  3547 | D:4      | Reached skill level 5 in Throwing
  3579 | D:5      | Reached skill level 6 in Long Blades
  3624 | D:5      | Reached XP level 8. HP: 45/56 MP: 8/8
  3759 | D:5      | Found a hazy altar of Hepliaklqana.
  3778 | D:5      | Reached skill level 7 in Long Blades
  4278 | D:5      | Reached skill level 8 in Long Blades
  5007 | D:6      | Noticed Prince Ribbit
  5016 | D:6      | Killed Prince Ribbit
  5026 | D:6      | Upgraded the game from 0.31-a0-108-gdf935468f2 to
                  | 0.31-a0-115-g4708a659fe
  5069 | D:6      | Reached skill level 9 in Long Blades
  5226 | D:6      | Found a radiant altar of Vehumet.
  5232 | D:6      | Reached XP level 9. HP: 61/61 MP: 9/9
  5333 | D:6      | Identified the +2 pair of boots of Sif Muna's Regard
                  | {Slay+3}
  5984 | D:6      | Reached skill level 10 in Long Blades
  6185 | D:7      | Found a glowing silver altar of Zin.
  6500 | D:7      | Found a staircase to the Ecumenical Temple.
  6509 | Temple   | Entered the Ecumenical Temple
  6667 | Temple   | Became a worshipper of Ru the Awakened
  7046 | D:7      | Reached skill level 11 in Long Blades
  7341 | D:7      | Found a hide-covered altar of Uskayaw.
  7549 | D:8      | Reached skill level 12 in Long Blades
  7549 | D:8      | Reached XP level 10. HP: 47/67 MP: 10/10
  7656 | D:8      | Noticed Gastronok
  7706 | D:8      | Reached skill level 13 in Long Blades
  7815 | D:8      | Noticed Erica
  7942 | D:8      | Identified a scroll of acquirement
  7942 | D:8      | Acquired the +8 storm dragon scales "Waof" {rElec rC++
                  | Int+2}
  8101 | D:8      | Found a blossoming altar of Fedhas.
  8342 | D:8      | Reached skill level 1 in Necromancy
  8342 | D:8      | Reached skill level 1 in Transmutations
  8342 | D:8      | Reached skill level 1 in Ice Magic
  8694 | D:9      | Found a snail-covered altar of Cheibriados.
  8698 | D:9      | Noticed Psyche
  8710 | D:9      | Killed Psyche
  8865 | D:9      | Found a staircase to the Lair.
  9152 | D:9      | Found an iron altar of Okawaru.
  9202 | D:8      | Noticed an orange demon
  9214 | D:8      | Killed an orange demon
  9215 | D:8      | Reached XP level 11. HP: 72/72 MP: 11/11
  9249 | D:8      | Noticed Amaemon
  9269 | D:8      | Killed Amaemon
  9319 | D:8      | Noticed Maggie
  9335 | D:8      | Killed Maggie
  9769 | D:8      | Killed Erica
  9770 | D:8      | Reached skill level 5 in Maces & Flails
 10123 | D:9      | Found a staircase to the Orcish Mines.
 10356 | Lair:1   | Entered Level 1 of the Lair of Beasts
 10635 | Lair:1   | Noticed Joseph
 10678 | Lair:1   | Killed Joseph
 10780 | Lair:1   | Noticed a catoblepas
 10799 | Lair:1   | Killed a catoblepas
 11012 | Lair:1   | Reached skill level 5 in Fighting
 11012 | Lair:1   | Reached XP level 12. HP: 38/86 MP: 12/12
 12127 | Lair:2   | Noticed a skyshark
 12147 | Lair:2   | Killed a skyshark
 12148 | Lair:2   | Reached skill level 10 in Maces & Flails
 12331 | Lair:2   | Found a staircase to the Snake Pit.
 12412 | Lair:2   | Found a staircase to the Shoals.
 12799 | Lair:3   | Noticed Nessos
 12804 | Lair:3   | Nessos changed into Nessos the elephant
 12804 | Lair:3   | Noticed Nessos
 12806 | Lair:3   | Noticed a death yak
 13169 | Lair:3   | Reached XP level 13. HP: 72/93 MP: 13/13
 13274 | Lair:3   | Noticed a catoblepas
 13302 | Lair:3   | Killed Nessos the elephant
 13326 | Lair:3   | Reached skill level 1 in Armour
 13607 | Lair:3   | Noticed Snorg
 13697 | Orc:1    | Entered Level 1 of the Orcish Mines
 13920 | Orc:2    | Entered Level 2 of the Orcish Mines
 13943 | Orc:2    | Found Ontiliqell's Antique Armour Emporium.
 13951 | Orc:2    | Bought a shiny buckler for 277 gold pieces
 14003 | D:10     | Entered Level 10 of the Dungeon
 14480 | D:10     | Found a burning altar of Makhleb.
 14726 | D:11     | Reached skill level 5 in Dodging
 14797 | D:11     | Reached skill level 5 in Armour
 14831 | D:11     | Noticed Josephine
 14859 | D:11     | Killed Josephine
 14934 | D:11     | Noticed Harold
 14949 | D:11     | Killed Harold
 15029 | D:11     | Noticed Maurice
 15062 | D:11     | Killed Maurice
 15221 | D:11     | Reached skill level 5 in Evocations
 15694 | D:12     | Noticed Sonja
 15695 | D:12     | Sonja changed into Sonja the boggart
 15695 | D:12     | Noticed Sonja
 15701 | D:12     | Killed Sonja the boggart
 15792 | D:12     | Reached skill level 1 in Shields
 15822 | D:12     | Noticed Frances
 16184 | D:13     | Found a portal to a secret trove of treasure.
 16353 | D:13     | Noticed an ettin
 16523 | Orc:2    | Reached XP level 14. HP: 93/100 MP: 14/14
 16580 | Orc:2    | Found Sadod's Assorted Antiques.
 16588 | Orc:2    | Bought a scroll labelled YCORYINW RASM for 26 gold pieces
 16589 | Orc:2    | Bought a shimmering mace for 208 gold pieces
 16589 | Orc:2    | Identified the +4 mace of Qoled {protect, Str+6} (You
                  | bought it in a shop on level 2 of the Orcish Mines)
 16697 | Orc:2    | Found Jutad's General Store.
 16717 | Orc:2    | Found a staircase to the Elven Halls.
 16723 | Orc:2    | Bought 2 potions of invisibility for 272 gold pieces
 16927 | Orc:1    | Reached skill level 5 in Necromancy
 16927 | Orc:1    | Reached skill level 5 in Transmutations
 16927 | Orc:1    | Reached skill level 5 in Ice Magic
 17679 | Lair:3   | Killed Snorg
 18650 | D:13     | HP: 4/100 [boulder beetle (31)]
 19049 | D:13     | an ice dragon changed into a spark wasp
 19049 | D:13     | Noticed a spark wasp
 19066 | D:13     | Killed a spark wasp
 19896 | D:13     | Found a gate to the Vaults.
 20301 | D:14     | Noticed Lodul
 20428 | D:13     | Killed Lodul
 20693 | D:14     | Reached XP level 15. HP: 78/105 MP: 15/15
 20805 | D:14     | Found a runed translucent gate.
 20806 | D:14     | Found a runed translucent gate.
 20814 | D:14     | Found a runed translucent gate.
 20814 | D:14     | Noticed KimchiStew's ghost (journeyman HOBr)
 20814 | D:14     | Noticed a rockslime
 20835 | D:14     | Found a viscous altar of Jiyva.
 21238 | D:15     | Entered Level 15 of the Dungeon
 21602 | D:15     | Found a gate leading to a gauntlet.
 21611 | Gauntlet | Entered a Gauntlet
 21611 | Gauntlet | Found a transporter.
 21617 | Gauntlet | Found a runed translucent door.
 21621 | Gauntlet | Found a transporter.
 21635 | Gauntlet | Found a transporter.
 21641 | Gauntlet | Found a transporter.
 21644 | Gauntlet | Found a transporter.
 21660 | Gauntlet | Found a transporter.
 21671 | Gauntlet | Found a transporter.
 21678 | Gauntlet | Noticed a reaper
 21683 | Gauntlet | Found a transporter.
 21700 | Gauntlet | Found a transporter.
 21711 | Gauntlet | Found a transporter.
 21712 | Gauntlet | Found a transporter.
 21755 | Gauntlet | Found a transporter.
 21770 | Gauntlet | Found a transporter.
 21783 | Gauntlet | Found a transporter.
 21968 | Gauntlet | Identified the +1 pair of gloves "Qoga" {rElec Dex+3}
 22574 | D:15     | Found a staircase to the Depths.
 22574 | D:15     | Noticed a stone giant
 22603 | D:15     | Killed a stone giant
 23153 | D:15     | Found a shimmering blue altar of Sif Muna.
 23535 | D:12     | Killed Frances
 23970 | Orc:2    | Paralysed by an orc sorcerer for 3 turns
 24359 | Orc:2    | Found Xigeu's Armour Shoppe.
 24555 | Orc:2    | Found Jueff's Assorted Antiques.
 24562 | Orc:2    | Found Diewn's Jewellery Boutique.
 24564 | Orc:2    | Found Lialorghi's Armour Shoppe.
 24580 | Orc:2    | Upgraded the game from 0.31-a0-115-g4708a659fe to
                  | 0.31-a0-128-g25add195a6
 24609 | Orc:2    | Bought the ring "Tadorice" {Contam rF+++ rN+ rCorr MP+9}
                  | for 728 gold pieces
 24626 | Orc:2    | Bought a faintly glowing buckler for 370 gold pieces
 24626 | Orc:2    | Identified the +0 buckler "Avvousaf" {Will++ Dex-3} (You
                  | bought it in a shop on level 2 of the Orcish Mines)
 24718 | Elf:1    | Entered Level 1 of the Elven Halls
 24926 | Snake:1  | Entered Level 1 of the Snake Pit
 25099 | Lair:2   | HP: 5/105 [naga ritualist/Olgreb's Toxic Radiance (1)]
 25100 | Lair:2   | HP: 2/105 [poisoned by a naga ritualist (toxic radiance)]
 25101 | Lair:2   | Succumbed to a naga ritualist's toxic radiance

Illustrated notes

Levels and vault maps discovered:
D:1:      moated_graveyard_arrival, layout_loops_ring, minmay_hedge_maze,
          serial_bayou_lake_a
D:2:      kennysheep_big_flooded_room, layout_basic,
          hellmonk_ecumenical_altar_lost_god, basic_altar
D:3:      layout_rooms, tgw_kikubaaqudgha
D:4:      layout_cave_pools, overflow_temple_1_default, minivault_4,
          minmay_misc_feat_pillars
D:5:      layout_layer_cave, nzn_hepliaklqana_mist_gate, serial_shops,
          nicolae_shop_behind_doors
D:6:      layout_loops_ring, nicolae_vehumet_altar_sigil, uniq_prince_ribbit1
D:7:      layout_gridville, lemuel_coloured_pillars_altar, zin_academy,
          minmay_temple_entry_tees, grunt_ministairs_7
D:8:      layout_loops_corners, amcnicky_altar_gilded, kennysheep_another_room,
          uniq_maggie, uniq_gastronok, uniq_amaemon, uniq_erica
D:9:      layout_irregular_city, old_standard_altar,
          mainiacjoe_overflow_chevrons, erik_lair_orcish_takeover, uniq_psyche
D:10:     layout_gridville, general_overflow_altar
D:11:     layout_basic, uniq_maurice, uniq_josephine, uniq_harold
D:12:     layout_basic, uniq_frances, uniq_sonja
D:13:     layout_cave_pools, david_vaults_4, enter_trove_2
D:14:     layout_loops_ring, gammafunk_ghost_ooze, serial_park_fountain,
          dreamdust_mushroom_princess, uniq_lodul
D:15:     grunt_enter_depths_snipers, layout_stronghold, led_sif_pool,
          gauntlet_entry_generic, item_on_display_b
Temple:   hc_temple_tempest_star
Lair:1:   layout_chaotic_city, uniq_joseph
Lair:2:   layout_loops_ring, minmay_shoals_entry_lonely_mermaid,
          minmay_snake_entry_guardpost_medium, beast_lair_carwin_4
Lair:3:   layout_cave_pods, serial_bayou_shore_a, lemuel_fruit_fields,
          grunt_megastairs_5, lemuel_fruit_tree, uniq_snorg, uniq_nessos
Snake:1:  layout_rooms, minmay_shop_grid_forest, nicolae_triple_integral
Orc:1:    layout_caves, basic_altar
Orc:2:    st_orc_elflike, layout_diamond_mine, basic_altar, serial_shops,
          shop_statue, nicolae_square_shop, nicolae_shop_crystal
Elf:1:    nicolae_elf_arrival_no_cutting_in_line, layout_onion_city,
          serial_shops, nicolae_shop_crystal, minmay_elf_crystal_hexagon

Skill      XL: |  1  2  3  4  5  6  7  8  9 10 11 12 13 14 15 |
---------------+----------------------------------------------+-----
Long Blades    | 1 2 3 4 5 6 9 12 13 | 13.1
Throwing       | 3 4 5 |  5.0
Necromancy     | 3 4 7 9 |  9.7
Transmutations | 3 4 7 9 |  9.6
Ice Magic      | 3 4 7 9 |  9.6
Maces & Flails | 7 11 12 | 12.0
Fighting       | 5 6 |  6.0
Armour         | 5 |  5.0
Dodging        | 5 |  5.0
Evocations     | 5 |  5.0
Shields        | 3 4 |  4.0
Short Blades   | |  2.0
Stealth        | |  4.0

Action                     |  1- 3 |  4- 6 |  7- 9 | 10-12 | 13-15 || total
---------------------------+-------+-------+-------+-------+-------++-------
  Melee: Dagger            |    89 |   164 |   235 |   451 |   233 ||  1172
         Punch             |       |     2 |     3 |    15 |     1 ||    21
         Demon whip        |       |       |       |   147 |   475 ||   622
         Mace              |       |       |       |       |   961 ||   961
         Scimitar          |       |       |       |       |     3 ||     3
  Throw: Dart              |     6 |    11 |    69 |    71 |    98 ||   255
         Throwing net      |       |       |     2 |       |     3 ||     5
         Boomerang         |       |       |     4 |     7 |     4 ||    15
         Javelin           |       |       |       |       |     2 ||     2
  Evoke: Wand              |       |     8 |    13 |    38 |    32 ||    91
         Lightning rod     |       |       |       |       |     4 ||     4
         Tin of tremorston |       |       |       |       |     2 ||     2
         Phantom mirror    |       |       |       |       |     1 ||     1
    Use: Scroll            |     5 |     8 |     5 |    11 |    17 ||    46
         Potion            |       |     1 |     6 |     2 |    11 ||    20
   Stab: Sleeping          |     5 |     6 |     9 |     5 |     2 ||    27
         Held in net/web   |       |       |     2 |       |     1 ||     3
         Invisible         |       |       |     2 |    18 |    10 ||    30
         Paralysed         |       |       |     1 |     9 |    18 ||    28
         Petrified         |       |       |       |       |    18 ||    18
         Petrifying        |       |       |       |       |     5 ||     5
         Distracted        |       |       |       |       |     1 ||     1
 Armour: Robe              |    15 |    34 |    61 |    17 |       ||   127
         Skin              |       |     6 |       |       |       ||     6
         Acid dragon scale |       |       |       |    36 |       ||    36
         Steam dragon scal |       |       |       |     7 |       ||     7
         Troll leather arm |       |       |       |    92 |   525 ||   617
         Storm dragon scal |       |       |       |       |   271 ||   271
  Dodge: Dodged            |    43 |    76 |   108 |   327 |   893 ||  1447
         Repelled          |       |       |       |       |     1 ||     1
  Block: Buckler           |       |       |       |       |   370 ||   370

Table legend: (Time is in decaauts)
 A = Elapsed time spent in this place.
 B = Non-inter-level travel time spent in this place.
 C = Inter-level travel time spent in this place.
 D = Time resting spent in this place.
 E = Time spent auto-exploring this place.
 F = Levels seen in this place.
 G = Mean time per level.
                   A        B        C        D        E       F      G
               +--------+--------+--------+--------+--------+-----+--------+
         Total |  24269 |  22383 |   1886 |   3303 |  11664 |  24 | 1011.2 |
       Dungeon |  16676 |  15671 |   1005 |   2565 |   7997 |  15 | 1111.7 |
        Temple |    196 |    170 |     26 |      0 |    148 |   1 |  196.0 |
          Lair |   4543 |   3957 |    586 |    387 |   2183 |   3 | 1514.3 |
     Snake Pit |      9 |      9 |      0 |      0 |      0 |   1 |    9.0 |
  Orcish Mines |   2204 |   1937 |    267 |    294 |   1034 |   2 | 1102.0 |
   Elven Halls |     16 |     16 |      0 |      0 |      0 |   1 |   16.0 |
      Gauntlet |    621 |    621 |      0 |     56 |    301 |   1 |  621.0 |
               +--------+--------+--------+--------+--------+-----+--------+

Top non-repeatable levels by time:
  Lair:2: 2047 daAuts
   Orc:2: 1690 daAuts
     D:8: 1589 daAuts
     D:5: 1561 daAuts
  Lair:3: 1469 daAuts
    D:15: 1433 daAuts
    D:14: 1353 daAuts
     D:9: 1304 daAuts
     D:4: 1275 daAuts
    D:13: 1243 daAuts
     D:7: 1191 daAuts
     D:6: 1118 daAuts
     D:1: 1029 daAuts
  Lair:1: 1027 daAuts
    D:12: 998 daAuts
